Map: Simulacrum LE

Players

Ragnarok (SHIN)

  • Race: Zerg Zerg
  • League: Grandmaster
  • Spawn Location: 11:00

soO - Winner!

  • Race: Zerg Zerg
  • Spawn Location: 5:00

VOD

Have the link to the VOD?

Description

Time

  • Played on: Jan. 16, 2020, 6:47 a.m.
  • Length: 15:01
Show
View Real Time Build Order
Export as new Build Order

Ragnarok Zerg 

Build Orders: Hatch First 

Get SALT Encoding   

  12  0:00  Drone  
  13  0:08  Drone  
  14  0:16  Overlord  
  14  0:35  Drone x2  
  16  0:48  Hatchery  
  15  0:51  Drone  
  15  0:55  Drone  
  17  0:58  Drone  
  18  1:10  Extractor  
  17  1:13  Spawning Pool  
  17  1:17  Drone  
  17  1:20  Drone  
  18  1:29  Drone  
  19  1:40  Drone  
  20  1:50  Drone  
  21  2:00  Queen x2  
  21  2:01  Drone x2  
  27  2:12  Overlord  
  27  2:15  Metabolic Boost  
  27  2:16  Drone  
  28  2:29  Hatchery  
  27  2:30  Drone  
  27  2:32  Drone  
  27  2:35  Drone  
  30  2:39  Drone  
  31  2:44  Queen  
  33  2:54  Overlord, Baneling Nest  
  33  2:57  Drone  
  33  2:59  Drone  
  33  3:03  Zergling x2  
  33  3:04  Zergling x2  
  36  3:14  Drone x3  
  36  3:17  Drone x3  
  42  3:22  Zergling x2  
  42  3:23  Zergling x2  
  44  3:29  Overlord  
  44  3:34  Evolution Chamber  
  44  3:38  Baneling x3  
  42  3:42  Zergling x8  
  42  3:43  Zergling x2  
  42  3:47  Zergling x2  
  48  3:48  Zergling x2  
  48  3:52  Drone x2  
  51  3:59  Drone x4  
  55  4:03  Zerg Missile Weapons Level 1  
  55  4:04  Drone  
  55  4:05  Drone  
  56  4:11  Extractor, Drone  
  56  4:12  Extractor  
  56  4:13  Drone, Roach Warren  
  56  4:14  Drone  
  56  4:18  Drone  
  56  4:22  Overlord  
  56  4:23  Overlord  
  57  4:25  Drone  
  57  4:29  Lair  
  57  4:30  Drone  
  58  4:35  Overlord  
  57  4:40  Overlord  
  57  4:42  Zergling x8  
  61  4:46  Drone x3  
  61  4:51  Drone x2  
  65  4:53  Zergling x2  
  65  4:54  Zergling x4  
  68  5:00  Overlord  
  68  5:04  Drone x3  
  68  5:06  Overlord  
  71  5:17  Drone x3  
  71  5:19  Drone  
  71  5:20  Drone  
  75  5:22  Drone x6  
  75  5:24  Extractor  
  75  5:25  Extractor  
  75  5:26  Glial Reconstitution  
  75  5:28  Overseer  
  78  5:33  Roach x3  
  83  5:40  Spire, Roach  
  82  5:43  Roach  
  82  5:44  Roach x3  
  82  5:45  Roach  
  82  5:49  Spine Crawler  
  93  5:50  Spine Crawler, Roach x2  
  93  5:52  Roach  
  93  5:53  Roach  
  93  5:55  Roach  
  98  5:57  Roach  
  98  5:58  Overlord  
  98  6:01  Roach  
  101  6:04  Roach  
  101  6:05  Overlord  
  101  6:06  Roach  
  101  6:09  Overlord  
  101  6:11  Overlord  
  105  6:14  Overlord  
  105  6:16  Overlord  
  105  6:17  Overlord  
  104  6:20  Roach  
  104  6:22  Roach  
  104  6:24  Roach x2  
  104  6:25  Roach  
  110  6:29  Roach x2  
  110  6:31  Roach  
  116  6:33  Roach  
  116  6:34  Roach  
  116  6:39  Roach  
  122  6:40  Roach  
  122  6:43  Roach  
  122  6:45  Roach  
  128  6:47  Overlord  
  128  6:48  Roach  
  128  6:49  Roach  
  128  6:53  Roach x2  
  136  6:56  Roach x2  
  136  6:58  Roach  
  136  6:59  Overlord  
  142  7:01  Overlord  
  142  7:02  Roach  
  142  7:08  Roach x3  
  149  7:10  Roach  
  149  7:11  Roach  
  149  7:15  Roach  
  153  7:19  Roach x3  
  153  7:21  Roach  
  163  7:23  Roach  
  163  7:26  Roach, Overlord  
  167  7:30  Roach x2  
  167  7:33  Overlord  
  169  7:44  Roach  
  169  7:45  Roach x3  
  169  7:49  Roach  
  169  7:50  Ravager  
  169  7:51  Roach x2, Ravager  
  169  7:52  Roach  
  169  7:55  Roach x2  
  169  7:57  Roach x2  
  169  7:58  Roach  
  161  7:59  Roach  
  161  8:00  Roach  
  141  8:06  Roach  
  141  8:10  Zerg Missile Weapons Level 2  
  129  8:13  Roach x2  
  129  8:14  Extractor  
  129  8:16  Roach  
  129  8:17  Drone  
  129  8:18  Drone  
  132  8:29  Drone x3  
  132  8:33  Spire, Hatchery  
  133  8:36  Ravager  
  133  8:40  Ravager  
  135  8:45  Ravager  
  135  8:47  Overlord  
  136  8:48  Roach  
  136  8:49  Roach x2  
  136  8:55  Roach x4  
  150  8:58  Overlord  
  150  9:44  Mutalisk x2  
  150  9:45  Mutalisk x6  
  166  9:47  Queen  
  166  9:48  Roach x3  
  166  9:51  Overlord x3  
  174  9:53  Drone x4  
  174  9:54  Drone  
  174  9:55  Roach x2  
  174  9:59  Overlord  
  183  10:00  Centrifical Hooks  
  183  10:02  Overlord  
  183  10:10  Extractor  
  182  10:24  Zergling x22  
  182  10:25  Zergling x6  
  196  10:28  Zergling x2  
  196  10:29  Zergling x6  
  200  10:56  Baneling x9  
  200  10:57  Baneling x15  
  197  11:04  Overlord  
  197  11:09  Roach  
  197  11:10  Roach x3  
  198  11:16  Zerg Ground Armor Level 1  
  197  11:24  Roach x6  
  193  11:29  Roach x10  
  193  11:31  Roach x2  
  184  11:36  Roach x7  
  184  11:39  Roach  
  178  11:43  Roach  
  170  11:47  Roach x2  
  170  11:53  Roach x2  
  167  11:54  Ravager x4  
  167  11:55  Ravager  
  167  11:57  Roach  
  173  12:01  Roach  
  173  12:02  Roach  
  173  12:04  Extractor  
  173  12:05  Roach  
  173  12:08  Roach  
  180  12:09  Roach  
  180  12:12  Roach  
  184  12:17  Roach  
  184  12:19  Roach x2  
  170  12:25  Roach x6  
  155  12:30  Roach x3  
  155  12:32  Roach  
  155  12:35  Roach x2  
  153  12:39  Roach x2  
  151  12:44  Roach x3  
  151  12:46  Roach  
  151  12:50  Ravager x3  
  151  12:51  Roach  
  155  12:55  Roach x2  
  155  12:57  Ravager  
  155  12:58  Ravager  
  161  12:59  Roach x2  
  161  13:01  Roach  
  167  13:06  Roach x3  
  167  13:10  Roach x2  
  177  13:16  Roach x3  
  183  13:20  Roach x2  
  183  13:24  Roach  
  183  13:25  Roach  
  191  13:30  Roach x3  
  197  13:35  Roach  
  197  13:39  Hydralisk Den  
  198  13:43  Roach  
  179  13:53  Roach  
  179  13:54  Roach x8  
  158  13:56  Roach  
  158  13:57  Roach  
  158  13:59  Roach  
  158  14:02  Roach  
  132  14:04  Roach  
  132  14:06  Roach  
  132  14:07  Roach  
  121  14:10  Roach  
  121  14:12  Roach  
  121  14:14  Roach  
  121  14:16  Roach  
  112  14:18  Roach  
  112  14:28  Roach x5  
  122  14:35  Roach x3  
  127  14:40  Ravager x5  
  127  14:41  Roach  
Show
View Real Time Build Order
Export as new Build Order

soO Zerg - Winner!

Build Orders: Hatch First 

Get SALT Encoding   

  12  0:00  Drone  
  13  0:12  Overlord  
  13  0:17  Drone  
  14  0:30  Drone x2  
  16  0:47  Hatchery  
  15  0:51  Drone  
  15  0:54  Drone  
  17  0:58  Drone  
  18  1:08  Extractor  
  17  1:13  Spawning Pool  
  17  1:16  Drone  
  17  1:20  Drone  
  18  1:28  Drone  
  19  1:38  Drone  
  20  1:49  Overlord  
  20  1:59  Queen x2  
  20  2:00  Drone x2  
  26  2:10  Drone x2  
  26  2:11  Metabolic Boost  
  28  2:21  Drone x2  
  30  2:33  Hatchery  
  29  2:38  Drone x2  
  31  2:44  Queen  
  31  2:49  Overlord  
  33  2:54  Baneling Nest  
  33  2:56  Drone  
  34  2:58  Drone  
  34  3:01  Drone  
  34  3:03  Drone  
  36  3:10  Zergling x6  
  36  3:11  Zergling x2  
  40  3:13  Drone  
  40  3:17  Overlord  
  41  3:20  Drone  
  41  3:22  Zergling x2  
  41  3:24  Drone  
  44  3:29  Evolution Chamber  
  44  3:33  Drone  
  44  3:35  Overlord  
  44  3:39  Drone x2  
  44  3:40  Drone  
  47  3:42  Drone  
  47  3:47  Drone x2  
  50  3:51  Drone  
  50  3:52  Drone  
  50  3:54  Drone  
  53  3:59  Drone  
  53  4:01  Zerg Missile Weapons Level 1  
  53  4:03  Drone x2  
  53  4:07  Zergling x6, Baneling x2  
  58  4:13  Zergling x2  
  58  4:16  Zergling x6  
  62  4:22  Extractor  
  62  4:23  Extractor  
  59  4:29  Drone  
  60  4:33  Roach Warren  
  60  4:34  Drone x2  
  60  4:35  Drone  
  61  4:46  Drone x2  
  61  4:47  Drone x2  
  65  4:55  Overlord  
  65  4:56  Overlord  
  65  4:59  Overlord  
  65  5:05  Overlord  
  65  5:08  Overlord  
  65  5:19  Roach x2  
  65  5:20  Roach x7  
  81  5:23  Baneling x2  
  81  5:29  Roach  
  81  5:34  Roach x7  
  96  5:39  Roach x3  
  102  5:43  Roach  
  104  5:50  Overlord x2  
  104  5:55  Overlord  
  102  5:59  Roach  
  102  6:00  Lair  
  103  6:05  Drone  
  103  6:06  Drone x2  
  103  6:08  Overlord  
  103  6:09  Overlord  
  106  6:15  Overlord  
  106  6:22  Drone  
  106  6:23  Drone x2  
  107  6:27  Drone  
  107  6:28  Drone  
  107  6:29  Drone x2  
  107  6:30  Extractor x2, Drone  
  107  6:31  Drone  
  111  6:38  Hatchery, Drone  
  111  6:40  Ravager x3  
  111  6:41  Ravager, Drone  
  111  6:42  Drone x3  
  111  6:43  Drone x3  
  122  6:51  Overlord  
  122  6:57  Extractor, Zerg Missile Weapons Level 2  
  122  7:00  Overlord  
  122  7:01  Overseer  
  121  7:06  Drone x2  
  122  7:09  Drone  
  122  7:14  Drone x3  
  124  7:15  Drone  
  124  7:20  Roach  
  124  7:21  Roach x6  
  138  7:24  Roach  
  140  7:31  Roach x3  
  140  7:32  Roach  
  148  7:39  Spine Crawler  
  148  7:40  Spine Crawler  
  148  7:41  Roach x6  
  158  7:46  Roach  
  158  7:47  Roach  
  158  7:49  Roach x2  
  158  7:50  Roach  
  155  7:52  Roach  
  155  7:57  Roach x2  
  155  7:58  Roach x2  
  141  8:00  Queen x2  
  141  8:02  Roach  
  141  8:04  Roach  
  127  8:06  Roach x2  
  119  8:17  Drone  
  119  8:18  Drone x7  
  125  8:27  Ravager x2  
  127  8:29  Drone x4  
  127  8:33  Ravager  
  132  8:43  Hatchery  
  132  8:44  Pneumatized Carapace  
  131  8:49  Roach x5  
  131  8:54  Roach x2  
  145  8:58  Overseer  
  145  9:06  Roach x5  
  155  9:10  Glial Reconstitution  
  155  9:15  Roach x4  
  163  9:23  Overlord  
  163  9:25  Overlord  
  163  9:37  Hydralisk Den  
  162  9:45  Overlord  
  162  9:58  Spore Crawler x3  
  162  9:59  Drone  
  160  10:06  Hydralisk x8  
  160  10:07  Grooved Spines, Hydralisk x3  
  182  10:16  Roach x6  
  194  10:22  Spore Crawler, Overlord  
  190  10:44  Roach x5  
  199  11:15  Overlord  
  199  11:17  Overlord  
  176  11:27  Roach x6  
  176  11:28  Roach x3  
  176  11:29  Roach x3  
  176  11:31  Roach x4  
  176  11:32  Roach  
  169  11:34  Roach x4  
  169  11:35  Roach x5  
  169  11:36  Roach  
  169  11:39  Roach  
  157  11:41  Roach  
  157  11:46  Hydralisk x2  
  146  11:48  Roach  
  146  11:51  Roach  
  130  11:55  Roach x2  
  130  11:59  Ravager x2  
  130  12:00  Ravager x2  
  138  12:04  Roach x3  
  144  12:08  Drone  
  144  12:09  Drone  
  144  12:11  Roach x2  
  144  12:15  Roach  
  150  12:17  Roach x2  
  150  12:21  Roach x2  
  144  12:24  Roach x2  
  144  12:27  Roach  
  134  12:31  Roach x2  
  134  12:34  Roach x2  
  134  12:36  Roach  
  144  12:38  Roach  
  144  12:41  Roach  
  144  12:42  Roach  
  144  12:43  Roach  
  147  12:51  Ravager x2  
  147  12:57  Roach x7  
  162  13:02  Roach x3  
  162  13:05  Roach  
  170  13:08  Ravager x2  
  170  13:09  Roach, Ravager  
  170  13:10  Roach  
  177  13:17  Roach x4  
  185  13:23  Roach x4  
  193  13:34  Roach  
  193  13:35  Ravager, Roach x2  
  200  13:46  Roach  
  200  13:47  Roach x2  
  200  13:48  Roach x2  
  196  13:49  Roach x2  
  196  13:52  Roach  
  196  13:53  Roach x2  
  196  13:54  Roach x2  
  196  13:55  Roach  
  169  13:57  Roach  
  169  13:58  Roach  
  169  14:01  Roach  
  139  14:03  Roach  
  139  14:04  Roach  
  139  14:09  Roach  
  131  14:12  Roach  
  131  14:13  Roach x2  
  131  14:15  Roach  
  131  14:16  Roach  
  132  14:18  Roach  
  132  14:25  Roach x3  
  132  14:26  Ravager x2  
  132  14:28  Ravager  
  141  14:33  Roach  
  141  14:34  Roach x3  
  141  14:37  Roach  
Tags
 
Add a new tag
Caveats
  • Supply blocks, unpowered buildings, or Contaminate may cause inaccurate times.
  • Supply counts are checked every 10 seconds.